 Dungeon Crawl Stone Soup version 0.21-a0-91-ga5031da (webtiles) character file.

757 wazuzu the Cleaver (level 7, -2/62 HPs)
             Began as a Hill Orc Monk on June 29, 2017.
             Was a Priest of Okawaru.
             Killed by nerve-wracking pain
             ... invoked by an orc priest
              (11 damage)
             ... on level 5 of the Dungeon.
             The game lasted 00:13:47 (4976 turns).

wazuzu the Cleaver (Hill Orc Monk)                  Turns: 4976, Time: 00:13:49

Health: -2/62      AC:  6    Str: 16    XL:     7   Next: 79%
Magic:  10/10      EV: 16    Int: 10    God:    Okawaru [***...]
Gold:   274        SH:  0    Dex: 13    Spells: 6/6 levels left

rFire    . . .     SeeInvis .   a - +0 hand axe
rCold    . . .     Gourm    .   (no shield)
rNeg     . . .     Faith    .   o - +0 ring mail (curse)
rPois    +         Spirit   .   (no helmet)
rElec    .         Reflect  .   (no cloak)
rCorr    .         Harm     .   p - +0 pair of gloves
MR       .....                  (no boots)
Stlth    +.........             (no amulet)
HPRegen  0.20/turn              m - ring of poison resistance
MPRegen  0.12/turn              n - +5 ring of evasion

@: no status effects
A: fangs 1, low mp 1, robust 1
a: Heroism, Renounce Religion, Convert to Beogh


You were on level 5 of the Dungeon.
You worshipped Okawaru.
Okawaru was most pleased with you.
You were not hungry.

You visited 1 branch of the dungeon, and saw 5 of its levels.

You collected 274 gold pieces.

Inventory:

Hand Weapons
 a - a +0 hand axe (weapon)
Armour
 o - a cursed +0 ring mail (worn)
 p - a +0 pair of gloves (worn)
Jewellery
 m - a ring of poison resistance (left hand)
 n - a +5 ring of evasion (right hand)
Scrolls
 e - a scroll of recharging
 h - a scroll of identify
 i - 2 scrolls of remove curse
 k - a scroll of blinking
Potions
 b - a potion of resistance
 g - a potion of magic
Comestibles
 c - 4 bread rations
 d - a meat ration
 f - 6 chunks of flesh
 j - a royal jelly


   Skills:
 - Level 3.6 Fighting
 + Level 9.8 Axes
 - Level 2.4 Dodging
 - Level 1.5 Stealth
 + Level 6.0 Invocations


You had 6 spell levels left.
You didn't know any spells.

Dungeon Overview and Level Annotations

Branches:
Dungeon (5/15)
 Temple: D:4-7

Altars:
Ashenzari
Okawaru


Innate Abilities, Weirdness & Mutations

You have very sharp teeth.
Your magical capacity is low. (-10% MP)
You are robust. (+10% HP)


Message History

The orc priest invokes the aid of Beogh against you.
Pain shoots through your body!
* * * LOW HITPOINT WARNING * * *
You hit the orc priest but do no damage.
The orc priest is severely wounded.
The orc priest misses you.
You hit the orc priest but do no damage.
You bite the orc priest, but do no damage.
The orc priest is severely wounded.
The orc priest misses you.
You barely miss the orc priest.
The orc priest is severely wounded.
You closely miss the orc priest. You bite the orc priest.
The orc priest is almost dead.
The orc priest closely misses you.
You hit the orc priest.
The orc priest is almost dead.
The orc priest calls down the wrath of Beogh upon you.
Pain shoots through your body!
You die...

#..#
#..#
#..#
..#
..#
#.#
#o#
#@#
#.#
#.#
#.#
#.#
#.#
#.#
#.#
#.#


You could see an orc priest.

Vanquished Creatures
  Menkaure (D:4)
  2 ogres (D:4)
  2 hounds
  4 orc priests
  2 orc wizards (D:5)
  An iguana (D:4)
  A worker ant (D:4)
  3 gnolls (D:4)
  3 adders
  3 oozes
  2 worms
  3 dart slugs
  A leopard gecko (D:2)
  13 orcs
  A ball python (D:2)
  4 giant cockroaches
  13 goblins
  8 hobgoblins
  6 jackals (D:2)
  3 quokkas
  10 bats
  10 frilled lizards
  4 kobolds
  5 rats
105 creatures vanquished.

Notes
Turn   | Place    | Note
-------+----------+-------------------------------------------
     0 | D:1      | wazuzu the Hill Orc Monk began the quest for the Orb.
     0 | D:1      | Reached XP level 1. HP: 19/19 MP: 1/1
   165 | D:1      | Reached XP level 2. HP: 17/26 MP: 2/2
   355 | D:1      | Reached skill level 5 in Axes
   907 | D:2      | Reached XP level 3. HP: 16/31 MP: 3/3
  1307 | D:2      | Reached skill level 6 in Axes
  1355 | D:2      | Gained mutation: Your body sometimes deteriorates upon taking damage. [potion of mutation]
  1355 | D:2      | Gained mutation: You occasionally shout uncontrollably at your foes. [potion of mutation]
  1355 | D:2      | Gained mutation: Your muscles are strong. (Str +2) [potion of mutation]
  1355 | D:2      | Gained mutation: You have very sharp teeth. [potion of mutation]
  1367 | D:2      | Reached XP level 4. HP: 17/39 MP: 4/4
  1664 | D:2      | Lost mutation: Your body sometimes deteriorates upon taking damage. [potion of mutation]
  1664 | D:2      | Lost mutation: You occasionally shout uncontrollably at your foes. [potion of mutation]
  1664 | D:2      | Lost mutation: Your muscles are strong. (Str +2) [potion of mutation]
  1664 | D:2      | Gained mutation: Your magical capacity is low. (-10% MP) [potion of mutation]
  1664 | D:2      | Gained mutation: You are robust. (+10% HP) [potion of mutation]
  2597 | D:3      | Reached skill level 7 in Axes
  2740 | D:3      | Reached XP level 5. HP: 37/49 MP: 4/4
  3048 | D:3      | Found a faded altar of an unknown god.
  3352 | D:3      | Became a worshipper of Warmaster Okawaru
  3352 | D:3      | Reached * piety under Okawaru
  3352 | D:3      | Reached ** piety under Okawaru
  3722 | D:4      | Noticed an ogre
  3730 | D:4      | Killed an ogre
  3730 | D:4      | Reached skill level 8 in Axes
  3730 | D:4      | Reached XP level 6. HP: 43/56 MP: 2/6
  3745 | D:4      | Found a shattered altar of Ashenzari.
  3876 | D:4      | Noticed Menkaure
  3895 | D:4      | Killed Menkaure
  3895 | D:4      | Reached *** piety under Okawaru
  4330 | D:4      | Reached skill level 9 in Axes
  4330 | D:4      | Reached XP level 7. HP: 48/62 MP: 6/9
  4631 | D:4      | Reached skill level 5 in Invocations
  4838 | D:5      | Entered Level 5 of the Dungeon
  4976 | D:5      | Killed from afar by an orc priest

Vault maps used:
D:1:      lightli_iron_boxes
D:3:      cheibrodos_helix_gallery, chequers_ecumenical_altar_island,
          first_bread
D:4:      wad_lake_hut, ashenzari_altar_1, uniq_menkaure
D:5:      nicolae_overflow_crystal_walls, gammafunk_temple_overflow_arena

Skill      XL: |  1  2  3  4  5  6  7 |
---------------+----------------------+-----
Axes           | 5 6 7 8 9 |  9.8
Invocations    | 2 4 6 |  6.0
Fighting       | |  3.6
Dodging        | |  2.4
Stealth        | |  1.5

Action                   |  1- 3 |  4- 6 |  7- 9 || total
-------------------------+-------+-------+-------++-------
Melee: Hand axe          |   112 |   221 |    89 ||   422
       Bite              |     1 |    28 |    12 ||    41
       Punch             |       |     2 |     3 ||     5
Invok: Heroism           |       |     5 |     3 ||     8
  Use: Scroll            |     5 |     9 |       ||    14
       Potion            |     2 |     2 |     1 ||     5
 Stab: Sleeping          |     4 |       |       ||     4
  Eat: Chunk             |     1 |     9 |     3 ||    13
Armor: Robe              |    39 |     8 |       ||    47
       Ring mail         |       |    23 |     8 ||    31
Dodge: Dodged            |   162 |   131 |    48 ||   341
